 Dungeon Crawl Stone Soup version 0.25-a0-41-g6cf4ce537d (webtiles) character file.

Game seed: 10094758044322062752, levelgen mode: deterministic

16 Alarkh the Skirmisher (level 2, 24/24 HPs)
             Began as a Demonspawn Fighter on Oct 21, 2019.
             Got out of the dungeon alive.
             The game lasted 00:00:13 (228 turns).

Alarkh the Skirmisher (Demonspawn Fighter)           Turns: 228, Time: 00:00:14

Health: 24/24      AC:  6    Str: 16    XL:     2   Next: 37%
Magic:  2/2        EV:  6    Int:  9    God:
Gold:   27         SH:  8    Dex: 12    Spells: 1/1 levels left

rFire    . . .     SeeInvis .   a - +0 long sword
rCold    . . .     Gourm    .   c - +0 shield
rNeg     . . .     Faith    .   b - +0 scale mail
rPois    .         Spirit   .   (no helmet)
rElec    .         Reflect  .   (no cloak)
rCorr    .         Harm     .   (no gloves)
MR       .....                  (no boots)
Stlth    ..........             (no amulet)
HPRegen  0.08/turn              (no ring)
MPRegen  0.08/turn              (no ring)

@: no status effects
A: rot immunity
a: no special abilities


You escaped.
You were not hungry.

You visited 1 branch of the dungeon, and saw 1 of its levels.

You collected 27 gold pieces.

Inventory:

Hand Weapons
 a - a +0 long sword (weapon)
Armour
 b - a +0 scale mail (worn)
 c - a +0 shield (worn)
Scrolls
 e - 3 scrolls of identify {unknown}
 j - a scroll of teleportation {unknown}
Potions
 d - a potion of might
 h - a potion of cancellation {unknown}
 i - a potion of degeneration {unknown}
Comestibles
 f - 2 rations
 g - 9 chunks of flesh


   Skills:
 - Level 3.0 Fighting
 + Level 2.8 Long Blades
 - Level 2.6 Armour
 - Level 2.6 Shields


You had one spell level left.
You didn't know any spells.
Your spell library was empty.

Dungeon Overview and Level Annotations

Branches:
Dungeon (1/15)

Altars:


Innate Abilities, Weirdness & Mutations

You are immune to rotting.


Message History

Your shield and scale mail prevent you from hitting the hobgoblin.
The hobgoblin is severely wounded.
You block the hobgoblin's attack.
The hobgoblin hits you but does no damage.
A hobgoblin is nearby!
You barely miss the hobgoblin.
The hobgoblin is severely wounded.
You block the hobgoblin's attack.
A hobgoblin is nearby!
You hit the hobgoblin but do no damage.
The hobgoblin is severely wounded.
The hobgoblin barely misses you.
A hobgoblin is nearby!
You hit the hobgoblin.
You kill the hobgoblin!
Unknown command.
Some of the chunks of flesh in your inventory have rotted away.
There is a staircase leading out of the dungeon here.
Are you sure you want to leave the Dungeon?
This will make you lose the game!
You have escaped!

#.
#...........##.#.#####....
#...........##.#.# #....
#...........##.#.# #....
#...........##.#.# #....
#########.####.#.#####....
#.# #.#..........
#######.####............
................# # #
.......@........### #
###############...######
.....# #......... ......#
#....##### .......##....#
.(.....รทรท#...#
.......##...## ......#
#...# .....# #...#


There were no monsters in sight!

Vanquished Creatures
  An ooze (D:1)
  A bat (D:1)
  3 hobgoblins (D:1)
  8 rats (D:1)
13 creatures vanquished.

Notes
Turn   | Place    | Note
-------+----------+-------------------------------------------
     0 | D:1      | Alarkh the Demonspawn Fighter began the quest for the Orb.
     0 | D:1      | Reached XP level 1. HP: 18/18 MP: 1/1
    57 | D:1      | Gained mutation: You are immune to rotting. [demonic
                  | ancestry]
    57 | D:1      | Reached XP level 2. HP: 21/24 MP: 2/2
   228 | D:$      | Got out of the dungeon alive.

Levels and vault maps discovered:
D:1:      erik_arrival_orb_chamber, layout_basic, minmay_tall_x

Skill      XL: |  1 |
---------------+----+-----
Long Blades    | 2 |  2.8
Fighting       | |  3.0
Armour         | |  2.6
Shields        | |  2.6

Action                   || total
-------------------------++-------
Melee: Long sword        ||    43
Armor: Scale mail        ||    15
Dodge: Dodged            ||    11
Block: Shield            ||    28
       Rpst.: Long sword ||     4

Table legend:
 A = Non-vault XP
 B = Vault XP
 C = Vault XP percentage of total XP
 D = Non-vault monster count
 E = Vault monster count
 F = Vault count percentage of total count
                 A         B        C        D         E       F
            +---------+---------+-------+---------+---------+-------
      Total |       3 |      20 |  87.0 |       2 |      11 |  84.6
            +---------+---------+-------+---------+---------+-------
        D:1 |       3 |      20 |  87.0 |       2 |      11 |  84.6
            +---------+---------+-------+---------+---------+-------
